 Dungeon Crawl Stone Soup version 0.31.0-32-g396128a36d (webtiles) character file.

Game seed: 17939163969677637615

4 Ijustatesigmund the Conjurer (level 1, -1/12 HPs)
             Began as an Octopode Conjurer on Mar 22, 2024.
             Slain by a goblin
             ... wielding a +0 dagger
              (4 damage)
             ... on level 1 of the Dungeon.
             The game lasted 00:00:19 (89 turns).

Ijustatesigmund the Conjurer (Octopode Conjurer)      Turns: 89, Time: 00:00:20

Health: -1/12      AC:  1    Str:  6    XL:     1   Next: 70%
Magic:  1/3        EV: 13    Int: 20    God:
Gold:   12         SH:  0    Dex: 10    Spells: 3/4 levels left

rFire   . . .        (no weapon)
rCold   . . .        (no shield)
rNeg    . . .        (helmet restricted)
rPois   .            (no amulet)
rElec   .            (no ring)
rCorr   .            (no ring)
SInv    .            (no ring)
Will    .....        (no ring)
Stlth   +++          (no ring)
HPRegen 0.22/turn    (no ring)
MPRegen 0.08/turn    (no ring)
                     (no ring)

%: no passive effects
@: no status effects
A: almost no armour, amphibious, 8 rings, camouflage 1, gelatinous body 1,
(nimble swimmer 1), tentacles
a: no special abilities


You were on level 1 of the Dungeon.
You visited 1 branch of the dungeon, and saw 1 of its levels.

You collected 12 gold pieces.

Inventory:

Scrolls
 b - 3 scrolls of revelation {unknown}
Potions
 a - a potion of magic


   Skills:
 + Level 0.4 Fighting
 - Level 2.0 Dodging
 - Level 2.6 Stealth
 + Level 2.1 Spellcasting
 + Level 4.1 Conjurations


You had 3 spell levels left.
You knew the following spells:

 Your Spells              Type           Power      Damage    Failure   Level
a - Magic Dart            Conj           72%        1d6       3%          1

Your spell library contained the following spells:

 Spells                   Type           Power      Damage    Failure   Level
 Searing Ray              Conj           36%        2d5       4%          2
 Fulminant Prism          Conj/Alch      5%         3d7       56%         4
 Iskenderun's Mystic Bla  Conj/Tloc      10%        2d4       56%         4


Dungeon Overview and Level Annotations

Branches:
Dungeon (1/15)

Altars:


Innate Abilities, Weirdness & Mutations

You cannot wear most types of armour.
You are amphibious.
You can wear up to eight rings at the same time.
Your skin changes colour to match your surroundings (Stealth+).
Your rubbery body absorbs attacks. (AC +1, EV +1)
((You are camouflaged when in or above water. (Stealth+)))
You have tentacles for arms and can constrict up to eight enemies at once.


Message History

You don't have enough magic to cast this spell.
A kobold comes into view. It is wielding a +0 dagger.
You see here a rat corpse.
The goblin closely misses you.
You tentacle-slap the goblin but do no damage.
Your grab misses the goblin.
The goblin is severely wounded.
The goblin hits you with a +0 club.
You barely miss the goblin. Your grab misses the goblin.
The goblin is severely wounded.
The goblin barely misses you.
You tentacle-slap the goblin.
You kill the goblin!
A goblin comes into view. It is wielding a +0 dagger.
You closely miss the bat. You grab the bat.
You constrict the bat, but do no damage.
The bat closely misses you.
The bat escapes!
You tentacle-slap the bat. You grab the bat.
The bat is moderately wounded.
You constrict the bat, but do no damage.
The bat barely misses you.
The bat escapes!
You barely miss the goblin. You grab the goblin. You constrict the goblin.
The goblin hits you with a +0 dagger. The bat misses you.
You are too injured to fight recklessly!
Casting: Magic Dart (safe; 3% risk of failure)
Confirm with . or Enter, or press ? or * to list all spells.
You don't have enough magic to cast this spell.
Unknown command.
You miss the bat. Your grab misses the bat.
The bat is moderately wounded.
You constrict the goblin, but do no damage.
The bat misses you. The bat closely misses you. The goblin barely misses you.
The bat hits you but does no damage. The kobold hits you with a +0 dagger.
* * * LOW HITPOINT WARNING * * *
A rat comes into view.
You barely miss the bat. You grab the bat.
The bat is moderately wounded.
You constrict the goblin. You constrict the bat.
The bat hits you but does no damage. The goblin hits you with a +0 dagger.
You die...

.. #. .. #. ...
#. ....##.##
...†#...#
......K)# #.g@#
#..b##### #.
#.......#
#.####.......#
#............#
###.†..........#
...............#
#..r..........#
#.........#####


You could see a goblin, a bat, a kobold and a rat.

Vanquished Creatures
  A bat (D:1)
  A goblin (D:1)
  3 rats (D:1)
5 creatures vanquished.

Notes
Turn   | Place    | Note
-------+----------+-------------------------------------------
     0 | D:1      | Ijustatesigmund the Octopode Conjurer began the quest for
                  | the Orb.
     0 | D:1      | Reached XP level 1. HP: 11/11 MP: 3/3
    89 | D:1      | Slain by a goblin

Illustrated notes

Levels and vault maps discovered:
D:1:      dpeg_arrival_simpleton_b, layout_basic,
          chequers_serial_rivers_large_a, minmay_hexomino_f4

Action                     || total
---------------------------++-------
  Melee: Unarmed           ||     8
         Constrict         ||     4
   Cast: Magic Dart        ||     6
 Armour: Skin              ||     6
  Dodge: Dodged            ||     8
